 Dungeon Crawl Stone Soup version 0.30.1-11-g7821555f0a (webtiles) character file.

Game seed: 3731902115356787560

9 comborobin the Sneak (level 2, -5/26 HPs)
             Began as a Draconian Delver on Nov 19, 2023.
             Killed from afar by a white imp (11 damage)
             ... with a puff of frost
             ... on level 6 of the Dungeon.
             The game lasted 00:00:12 (166 turns).

comborobin the Sneak (Draconian Delver)              Turns: 166, Time: 00:00:13

Health: -5/26      AC:  4    Str: 14    XL:     2   Next: 6%
Magic:  11/11      EV: 12    Int: 10    God:
Gold:   0          SH:  0    Dex: 12    Spells: 1/1 levels left

rFire   . .          .
                       - Unarmed
rCold   . . .        (no shield)
rNeg    . . .        (body armour unavailable)
rPois   .            (helmet restricted)
rElec   .            (no cloak)
rCorr   .            (no gloves)
SInv    .            (no boots)
Will    .....        (no amulet)
Stlth   +++          f - ring of magical power
HPRegen 0.24/turn    (no ring)
MPRegen 0.12/turn

%: no passive effects
@: hasted, very quick
A: AC +4, unfitting armour, cold-blooded
a: no special abilities


You were on level 6 of the Dungeon.
You visited 1 branch of the dungeon, and saw 2 of its levels.

Inventory:

Jewellery
 f - a ring of magical power (left hand)
Wands
 e - a wand of digging (3)
Scrolls
 a - a scroll of fog
 b - a scroll of magic mapping
 c - a scroll of fear


   Skills:
 - Level 3.2 Fighting
 - Level 2.5 Dodging
 - Level 4.5 Stealth
 + Level 2.0 Unarmed Combat


You had one spell level left.
You didn't know any spells.
Your spell library was empty.

Dungeon Overview and Level Annotations

Branches:
Dungeon (6/15)
 Temple: D:4-7

Altars:


Innate Abilities, Weirdness & Mutations

Your plain brown scales are hard. (AC +4)
You cannot fit into any form of body armour.
You are cold-blooded and may be slowed by cold attacks.


Message History

You feel your magic capacity increase.
f - a ring of magical power (left hand) Magic restored.
Found a robe.
Found an escape hatch in the floor.
A white imp comes into view.
The white imp shouts, "Scamper away, thou paunchy swag-bellied vassal!"
Found 11 gold pieces.
The white imp gestures at you. The puff of frost misses you.
A shadow imp comes into view.
The white imp gestures at you. The puff of frost hits you!
The white imp gestures at you. The puff of frost hits you.
The shadow imp shouts!
You hit the white imp but do no damage. The white imp hits you.
The white imp freezes you.
You are too injured to fight recklessly!
You barely miss the white imp.
Your tail-slap misses the white imp.
You punch the white imp, but do no damage.
The white imp barely misses you.
You feel yourself speed up. The white imp closely misses you.
You closely miss the white imp. You hit the white imp.
The white imp is moderately wounded.
The white imp hits you. The white imp freezes you.
* * * LOW HITPOINT WARNING * * *
You hit the white imp.
The white imp is heavily wounded.
You hit the white imp.
You tail-slap the white imp, but do no damage.
The white imp is almost dead.
The white imp gestures at you. The puff of frost hits you.
* * * LOW HITPOINT WARNING * * *
The shadow imp barely misses you. The white imp gestures at you.
The puff of frost hits you!
You die...

......###.##.#
.........#.# .......[#.#
# ###.##...#.# ..
###.......##.# ...
#...##..#....# ....
#...###......#
.....####./.# ##.....#
..$.....@...# ##.##.#
......5....>#####..#.#
......5..............#+##
............#............
............#[...........
............#......#..>..
#####.......###+####.....
#.......# #.....
#.......# #.....


You could see a white imp and a shadow imp.

Vanquished Creatures
  An adder (D:6)
1 creature vanquished.

Notes
Turn   | Place    | Note
-------+----------+-------------------------------------------
     0 | D:5      | comborobin the Draconian Delver began the quest for the
                  | Orb.
     0 | D:5      | Reached XP level 1. HP: 19/19 MP: 1/1
    38 | D:6      | Reached XP level 2. HP: 26/26 MP: 2/2
   166 | D:6      | Killed from afar by a white imp

Illustrated notes

Levels and vault maps discovered:
D:5:      layout_basic, saegor_snake_ambush, uniq_duvessa, uniq_grinder
D:6:      layout_basic

Skill      XL: |  1 |
---------------+----+-----
Dodging        | 2 |  2.5
Fighting       | |  3.2
Stealth        | |  4.5
Unarmed Combat | |  2.0

Action                     || total
---------------------------++-------
  Melee: Unarmed           ||    14
         Tailslap          ||     2
         Punch             ||     1
    Use: Potion            ||     1
 Armour: Skin              ||     5
  Dodge: Dodged            ||    10
